Map: Ephemeron LE

Players

Neeb - Winner!

  • Race: Protoss Protoss
  • Spawn Location: 11:00

ButAlways

  • Race: Protoss Protoss
  • Spawn Location: 5:00

VOD

Have the link to the VOD?

Description

Time

  • Played on: Sept. 6, 2019, 8:33 p.m.
  • Length: 8:10
Show
View Real Time Build Order
Export as new Build Order

Neeb Protoss - Winner!

Build Orders: Oracle Opening 

Get SALT Encoding   

  12  0:00  Probe  
  13  0:12  Probe  
  14  0:17  Pylon  
  14  0:24  Probe  
  15  0:32  Probe  
  15  0:39  Gateway  
  15  0:40  Probe  
  16  0:46  Assimilator  
  17  0:51  Probe  
  17  0:55  Assimilator  
  18  0:59  Probe  
  19  1:08  Gateway, Probe  
  19  1:17  Probe  
  21  1:28  Cybernetics Core  
  21  1:29  Probe  
  22  1:35  Pylon  
  22  1:41  Probe  
  23  1:53  Probe  
  24  2:07  Stargate  
  24  2:09  Stalker x2  
  24  2:15  Pylon  
  28  2:20  Warp Gate  
  28  2:34  Probe  
  29  2:40  Oracle  
  32  2:57  Pylon  
  32  3:08  Shield Battery  
  32  3:09  Robotics Facility  
  32  3:17  Stalker  
  34  3:22  Probe  
  34  3:25  Pylon  
  35  3:34  Probe  
  36  3:45  Gateway  
  36  3:47  Immortal  
  40  4:05  Shield Battery  
  40  4:08  Shield Battery, Sentry, Stalker  
  42  4:18  Gateway  
  42  4:25  Warp Prism  
  44  4:47  Pylon  
  44  4:49  Pylon  
  44  4:57  Pylon  
  44  5:02  Observer  
  44  5:05  Sentry  
  47  5:10  Gateway  
  47  5:23  Immortal  
  50  5:44  Robotics Bay  
  50  6:01  Immortal  
  54  6:21  Adept x2  
  54  6:22  Adept x2  
  62  6:31  Disruptor  
  65  6:49  Pylon  
  65  6:50  Pylon  
  65  7:19  Stalker x3  
  65  7:20  Stalker  
  73  7:30  Twilight Council  
Show
View Real Time Build Order
Export as new Build Order

ButAlways Protoss 

Build Orders:  

Get SALT Encoding   

  12  0:00  Probe  
  13  0:12  Probe  
  14  0:17  Pylon  
  14  0:24  Probe  
  15  0:33  Probe  
  15  0:35  Gateway  
  15  0:42  Probe  
  16  0:47  Assimilator  
  17  0:52  Probe  
  17  0:55  Assimilator  
  18  1:00  Probe  
  19  1:07  Gateway  
  19  1:08  Probe  
  19  1:18  Probe  
  21  1:25  Cybernetics Core  
  21  1:30  Probe  
  22  1:34  Pylon  
  22  1:42  Probe  
  23  1:56  Warp Gate  
  23  2:01  Stalker x2  
  27  2:09  Robotics Facility  
  27  2:18  Gateway  
  27  2:31  Stalker  
  27  2:36  Stalker  
  31  2:41  Pylon  
  31  2:53  Warp Prism  
  31  2:56  Pylon  
  33  3:12  Shield Battery  
  33  3:30  Observer  
  33  3:32  Pylon  
  34  3:44  Sentry, Stalker x2  
  39  3:57  Observer  
  33  4:07  Probe, Stalker x2  
  38  4:12  Sentry  
  40  4:19  Probe  
  41  4:29  Probe  
  42  4:41  Probe  
  43  4:50  Immortal  
  46  4:55  Probe  
  47  5:05  Stalker  
  49  5:12  Probe  
  50  5:20  Pylon  
  50  5:23  Immortal  
  53  5:46  Adept x2  
  57  6:03  Immortal  
  61  6:10  Pylon  
  61  6:23  Adept  
  63  6:32  Stalker x2  
  67  6:43  Immortal  
  69  7:07  Pylon  
  69  7:16  Observer  
  69  7:20  Adept x2  
  69  7:21  Adept  
  68  7:42  Stalker x2  
  72  7:53  Stalker  
Tags
 
Add a new tag
Caveats
  • Supply blocks, unpowered buildings, or Contaminate may cause inaccurate times.
  • Supply counts are checked every 10 seconds.